 Dungeon Crawl Stone Soup version 0.22-a0-542-gce4f928 (webtiles) character file.

103378 stealthycow the Severer (level 15, -6/141 HPs)
             Began as a Minotaur Berserker on June 24, 2018.
             Was the Champion of Trog.
             Mangled by a sun demon (10 damage)
             ... summoned by an orc high priest
             ... on level 2 of the Orcish Mines on June 25, 2018.
             The game lasted 01:02:49 (24303 turns).

stealthycow the Severer (Minotaur Berserker)       Turns: 24303, Time: 01:02:50

Health: -6/141     AC: 35    Str: 23    XL:     15   Next: 88%
Magic:  0/14       EV: 17    Int:  4    God:    Trog [******]
Gold:   2243       SH:  0    Dex: 15    Spells: 14/14 levels left

rFire    . . .     SeeInvis .   a - +7 executioner's axe (venom)
rCold    . . .     Gourm    .   (shield currently unavailable)
rNeg     . . .     Faith    .   I - +4 crystal plate armour
rPois    .         Spirit   +   z - +2 hat
rElec    .         Reflect  .   M - +2 cloak
rCorr    .         Harm     .   (no gloves)
MR       +....                  s - +1 pair of boots
Stlth    ..........             g - amulet of guardian spirit
HPRegen  0.33/turn              C - +6 ring of slaying
MPRegen  0.14/turn              w - +6 ring of evasion

@: berserk cooldown, slowed, drained, very slow
A: retaliatory headbutt, horns 2
a: Berserk, Trog's Hand, Brothers in Arms, Renounce Religion


You were on level 2 of the Orcish Mines.
You worshipped Trog.
Trog was exalted by your worship.
You were not hungry.

You visited 3 branches of the dungeon, and saw 23 of its levels.
You also visited: Volcano.

You collected 2285 gold pieces.
You spent 42 gold pieces at shops.

Inventory:

Hand Weapons
 a - a +7 executioner's axe of venom (weapon)
 b - a +0 halberd of flaming
Missiles
 U - 3 throwing nets (quivered)
Armour
 p - a scarf of cloud immunity
 s - a +1 pair of boots (worn)
 z - a +2 hat (worn)
 I - a +4 crystal plate armour (worn)
 K - a +0 large shield
 M - a +2 cloak (worn)
Jewellery
 g - an amulet of guardian spirit (around neck)
 h - an uncursed ring of see invisible
 o - an uncursed ring of protection from fire
 w - a +6 ring of evasion (right hand)
 C - a +6 ring of slaying (left hand)
 H - an uncursed ring of flight
 O - an uncursed ring of protection from fire
Wands
 r - a wand of paralysis (15)
 B - a wand of acid (16)
 D - a wand of disintegration (7)
 G - a wand of clouds (9)
Scrolls
 d - 6 scrolls of teleportation
 f - 2 scrolls of silence
 k - 2 scrolls of fear
 A - 2 scrolls of immolation
 N - 7 scrolls of identify
 P - 2 scrolls of fog
 Q - 9 scrolls of remove curse
 T - a scroll of holy word
Potions
 e - 3 potions of haste
 i - 8 potions of brilliance
 j - 11 potions of curing
 l - 2 potions of invisibility
 n - 3 potions of agility
 q - 4 potions of might
 t - 2 potions of cancellation
 x - 6 potions of flight
 F - 4 potions of heal wounds
 L - a potion of resistance
Comestibles
 c - 30 rations


   Skills:
 + Level 15.2(14.6) Fighting
 * Level 20.1(19.5) Axes
 + Level 14.9(14.4) Armour
 + Level 13.8(13.3) Dodging
 - Level 4.9(4.4) Shields


You had 14 spell levels left.
You didn't know any spells.
Your spell library was empty.

Dungeon Overview and Level Annotations

Branches:
Dungeon (15/15)            Temple (0/1) D:5            Lair (6/6) D:10
 Shoals (0/4) Lair:2        Snake (0/4) Lair:4        Slime (0/5) Lair:5
    Orc (2/2) D:11         Vaults (0/5) D:14         Depths (0/5) D:15
    Elf: Orc:2

Altars:
Elyvilon
Gozag
Kikubaaqudgha
Makhleb
Nemelex Xobeh
Okawaru
Qazlal
Ru
Sif Muna
Vehumet
Wu Jian
Xom
Zin
Beogh

Shops:
D:12 **[

Annotations:
D:11 1 exclusion
Lair:5 exclusion: 6 oklob plants


Innate Abilities, Weirdness & Mutations

You reflexively headbutt those who attack you in melee.
You have a pair of horns on your head.


Message History

You feel much better. The soul eater hits you!
* * * LOW HITPOINT WARNING * * *
You feel drained.
* * * LOW HITPOINT WARNING * * *
The orc warrior barely misses you. The orc warrior misses you.
The sun demon hits you but does no damage.
The soul eater hits you but does no damage.
The orc knight hits you with a great sword of slicing!
* * * LOW HITPOINT WARNING * * *
x2 The orc high priest utters an invocation to Beogh.
Okay, then.
As you read the scroll of fear, it crumbles to dust.
You assume a fearsome visage.
The sun demon is unaffected.
The orc priest looks frightened! x2; The ynoxinul is unaffected.
The orc knight looks frightened!
The soul eater is unaffected.
The orc warrior looks frightened! x2; The orc high priest looks frightened!
The two-headed ogre looks frightened!
The orc warrior no longer looks unusually strong.
The sun demon hits you!
You die...

..............8.
................
......._..o.....
......3.........
..............8
##....oo...##
#....o3o)...# #.O3@o#
......... #.))).#
#........ #8)))8###
#........ #...(.#.##
#........
#..#..)()#..####........
#.....).................
#.............).........
#.......#.......)......#.
##.#............)<)......


You could see an orc knight (fleeing), a soul eater, an orc high priest
(fleeing), a two-headed ogre (fleeing), a sun demon, a ynoxinul, 2 orc warriors
and 2 orc priests.

Vanquished Creatures
  Rupert (Lair:3)
  Gastronok (Lair:2)
  An orc warlord (Orc:2)
  An ettin (D:14)
  A fire dragon (Lair:6)
  2 ogre magi
  Harold (Lair:4)
  The ghost of Cashew the Brawler, a journeyman TrHu of Wu Jian (Lair:2)
  2 catoblepae (D:13)
  7 hydras
  Erica (D:8)
  16 two-headed ogres
  2 death knights
  4 centaur warriors
  3 death yaks (Lair:6)
  Urug (Orc:2)
  Nergalle (Lair:3)
  2 hell knights
  3 skeletal warriors
  An unseen horror (D:11)
  A swamp dragon (Lair:6)
  A phantasmal warrior (D:15)
  A wizard (D:10)
  2 lindwurms (Lair:6)
  A deep elf mage (D:15)
  A wolf spider (D:15)
  An orc knight (Orc:2)
  A faun (Lair:6)
  A necromancer (D:14)
  A mana viper (shapeshifter) (D:15)
  4 orc sorcerers (Orc:2)
  An oklob plant (Lair:3)
  5 ugly things (D:15)
  A manticore (D:11)
  3 cyclopes
  5 elephants
  Maurice (D:9)
  2 black mambas
  4 merfolk sirens (Lair:2)
  3 torpor snails
  10 spiny frogs
  5 gargoyles
  3 rime drakes
  3 freezing wraiths
  10 komodo dragons
  A yaktaur (shapeshifter) (D:15)
  3 trolls
  A polar bear (Lair:4)
  9 meliai
  3 hornets
  Prince Ribbit (Lair:2)
  13 blink frogs
  11 slime creatures
  Grinder (D:3)
  7 dream sheep
  10 hippogriffs
  A centaur simulacrum (D:14)
  3 spriggans
  2 shadows
  Sigmund (D:4)
  A vampire (D:14)
  2 wyverns
  36 yaks
  4 wraiths
  4 fire bats (Volcano)
  8 vampire mosquitoes
  7 basilisks
  4 steam dragons (Lair:6)
  2 hungry ghosts
  2 wargs (Orc:1)
  2 acid dragons
  15 water moccasins
  6 porcupines
  21 orc warriors
  6 ice beasts
  4 sky beasts
  A black bear (D:9)
  A swamp drake (Lair:6)
  A hornet zombie (D:9)
  10 ogres
  3 phantoms
  6 centaurs
  38 wolves
  12 crocodiles
  3 big kobolds
  Blork the orc (D:6)
  21 bullfrogs
  2 wyvern zombies
  A wyvern skeleton (D:10)
  3 scorpions
  7 killer bees
  11 wights
  4 howler monkeys
  2 electric eels (Lair:1)
  8 lava snakes
  5 crimson imps
  4 quasits
  A bullfrog zombie (D:8)
  6 centaur zombies
  11 jellies
  7 centaur skeletons
  13 orc priests
  4 hounds
  18 orc wizards
  2 bullfrog skeletons
  Natasha (D:3)
  7 iguanas
  13 worker ants
  6 hell rats (Lair:3)
  A hound zombie (D:7)
  A hound skeleton (D:6)
  A mummy (D:7)
  A worker ant zombie (D:11)
  Robin (D:3)
  7 gnolls
  8 adders
  4 shadow imps
  15 oozes
  3 adder zombies
  2 adder skeletons
  3 worms
  A dart slug (D:2)
  5 leopard geckos
  46 orcs
  2 ball pythons
  10 bats
  5 giant cockroaches
  14 goblins
  11 hobgoblins
  4 jackals (D:3)
  4 quokkas
  A frilled lizard (D:1)
  14 kobolds
  A leopard gecko zombie (D:8)
  A quokka skeleton (D:5)
  5 rats
  12 fungi
  19 plants
749 creatures vanquished.

Vanquished Creatures (collateral kills)
  The ghost of garf10 the Cleaver, a novice HOFi of Okawaru (D:9)
  A yaktaur (D:15)
  3 wraiths (D:9)
  3 wights (D:15)
  A jelly (D:15)
  A shadow imp (D:15)
10 creatures vanquished.

Vanquished Creatures (others)
  A porcupine (Lair:3)
  17 fungi
  16 plants
34 creatures vanquished.

Grand Total: 793 creatures vanquished

Notes
Turn   | Place    | Note
-------+----------+-------------------------------------------
     0 | D:1      | stealthycow the Minotaur Berserker began the quest for the Orb.
     0 | D:1      | Reached XP level 1. HP: 19/19 MP: 0/0
   318 | D:1      | Reached skill level 4 in Axes
   318 | D:1      | Reached XP level 2. HP: 20/27 MP: 1/1
  1118 | D:2      | Reached XP level 3. HP: 24/33 MP: 2/2
  1441 | D:2      | Found a shimmering altar of Xom.
  1517 | D:2      | Found an iron altar of Okawaru.
  1784 | D:3      | Reached ** piety under Trog
  1794 | D:2      | Reached XP level 4. HP: 8/40 MP: 3/3
  1806 | D:2      | HP: 2/40 [poisoned by an adder]
  2205 | D:3      | Found a faded altar of an unknown god.
  2425 | D:3      | Reached skill level 5 in Axes
  2433 | D:3      | Reached XP level 5. HP: 47/47 MP: 4/4
  2549 | D:3      | Noticed Natasha
  2551 | D:3      | Noticed Grinder
  2555 | D:3      | Killed Grinder
  2555 | D:3      | Reached skill level 5 in Fighting
  2555 | D:3      | Reached skill level 6 in Axes
  2555 | D:3      | Reached XP level 6. HP: 49/56 MP: 5/5
  2557 | D:3      | Killed Natasha
  2857 | D:3      | Noticed Robin
  2866 | D:3      | Reached *** piety under Trog
  2871 | D:3      | Killed Robin
  3616 | D:4      | Received a gift from Trog
  3616 | D:4      | Reached skill level 1 in Shields
  3616 | D:4      | Reached XP level 7. HP: 61/61 MP: 6/6
  3963 | D:4      | Noticed Sigmund
  3980 | D:4      | Killed Sigmund
  3980 | D:4      | Reached skill level 7 in Axes
  4414 | D:5      | Entered Level 5 of the Dungeon
  4515 | D:5      | Found a staircase to the Ecumenical Temple.
  4883 | D:5      | Reached skill level 5 in Armour
  5100 | D:5      | Found a glowing silver altar of Zin.
  5409 | D:6      | Reached XP level 8. HP: 70/70 MP: 7/7
  5415 | D:6      | Reached skill level 8 in Axes
  5481 | D:6      | Found an opulent altar of Gozag.
  5676 | D:6      | Reached skill level 5 in Dodging
  5740 | D:6      | Noticed Blork the orc
  5751 | D:6      | Killed Blork the orc
  5872 | D:6      | Got a heavy robe
  5895 | D:6      | Found a radiant altar of Vehumet.
  6326 | D:6      | Found a white marble altar of Elyvilon.
  6329 | D:6      | Found a sacrificial altar of Ru.
  6332 | D:6      | Found an ancient bone altar of Kikubaaqudgha.
  6428 | D:7      | Reached skill level 9 in Axes
  6438 | D:7      | Reached **** piety under Trog
  6454 | D:6      | Reached XP level 9. HP: 41/78 MP: 8/8
  7201 | D:7      | Identified a scroll of acquirement
  7256 | D:8      | Reached skill level 10 in Axes
  7528 | D:8      | Reached ***** piety under Trog
  7559 | D:8      | Noticed Erica
  7585 | D:8      | Killed Erica
  7585 | D:8      | Reached skill level 11 in Axes
  7585 | D:8      | Reached XP level 10. HP: 53/89 MP: 9/9
  7727 | D:8      | Noticed a two-headed ogre
  7745 | D:8      | Killed a two-headed ogre
  8147 | D:8      | Found an ancient bone altar of Kikubaaqudgha.
  8399 | D:9      | Got a crystal whip
  8400 | D:9      | Identified the +6 whip "Cuibiclo" {venom, Dex+4} (You found it on level 9 of the Dungeon)
  8516 | D:9      | Found a sparkling altar of Nemelex Xobeh.
  8561 | D:9      | Reached skill level 12 in Axes
  8662 | D:9      | Noticed Maurice
  8675 | D:9      | Killed Maurice
  8803 | D:9      | Found an ornate altar of the Wu Jian Council.
  8964 | D:9      | Found a runed gate.
  9022 | D:9      | Found a runed gate.
  9023 | D:9      | Found a runed gate.
  9043 | D:9      | Found a shimmering altar of Xom.
  9064 | D:9      | Noticed garf10's ghost (novice HOFi)
  9455 | D:9      | HP: 4/91 [garf10's ghost (5)]
  9457 | D:9      | Killed garf10's ghost
  9457 | D:9      | Reached XP level 11. HP: 5/97 MP: 10/10
  9822 | D:10     | Entered Level 10 of the Dungeon
  9841 | D:10     | Noticed a wizard
  9851 | D:10     | Killed a wizard
 10082 | D:10     | Reached skill level 13 in Axes
 10211 | D:10     | Received a gift from Trog
 10214 | D:10     | Reached skill level 10 in Fighting
 10292 | D:10     | Noticed a two-headed ogre
 10298 | D:10     | Killed a two-headed ogre
 10372 | D:10     | Found a staircase to the Lair.
 10563 | D:10     | Reached skill level 10 in Armour
 10993 | D:11     | Reached skill level 14 in Axes
 11330 | D:11     | Killed an unseen horror
 11330 | D:11     | Reached XP level 12. HP: 102/108 MP: 11/11
 11386 | D:11     | Found a staircase to the Orcish Mines.
 11565 | D:11     | Found a deep blue altar of Sif Muna.
 11797 | Orc:1    | Entered Level 1 of the Orcish Mines
 12042 | D:12     | Noticed a two-headed ogre
 12056 | D:12     | Killed a two-headed ogre
 12067 | D:12     | Reached skill level 10 in Dodging
 12193 | D:12     | Found Cifesuk's Antique Armour Boutique.
 12361 | D:12     | Found Juiczamn's General Store.
 12364 | D:12     | Bought a potion of curing for 42 gold pieces
 12397 | D:12     | Found Deelatuxt's General Store.
 12628 | D:13     | Reached skill level 15 in Axes
 12633 | D:13     | Received a gift from Trog
 12963 | D:13     | Noticed a catoblepas
 13001 | D:13     | Killed a catoblepas
 13281 | D:13     | Noticed a two-headed ogre
 13285 | D:13     | Killed a two-headed ogre
 13379 | D:13     | Noticed a centaur warrior
 13387 | D:13     | Killed a centaur warrior
 13650 | D:13     | Noticed a four-headed hydra
 13659 | D:13     | Killed a one-headed hydra
 13733 | D:13     | Noticed a catoblepas
 13762 | D:13     | Killed a catoblepas
 14264 | D:14     | Received a gift from Trog
 14432 | Lair:1   | Entered Level 1 of the Lair of Beasts
 14498 | Lair:1   | Reached XP level 13. HP: 118/118 MP: 12/12
 14521 | Lair:1   | Reached skill level 16 in Axes
 14724 | Lair:1   | Found a dark tunnel.
 14739 | Volcano  | Entered a volcano
 15212 | Volcano  | Found a bloodstained altar of Trog.
 15265 | Volcano  | Found a radiant altar of Vehumet.
 16058 | Lair:2   | Found a staircase to the Shoals.
 16082 | Lair:2   | Found a runed door.
 16110 | Lair:2   | Got a jewelled spear {pierce}
 16111 | Lair:2   | Identified the +9 spear of Plunder {pierce, rPois rC+ MR++ Str-3} (You took it off a merfolk siren on level 2 of the Lair of Beasts)
 16148 | Lair:2   | Noticed Cashew's ghost (journeyman TrHu)
 16180 | Lair:2   | Noticed Prince Ribbit
 16184 | Lair:2   | Killed Prince Ribbit
 16279 | Lair:2   | Noticed Gastronok
 16294 | Lair:2   | Killed Gastronok
 16294 | Lair:2   | Reached skill level 17 in Axes
 17105 | Lair:2   | Killed Cashew's ghost
 17478 | Lair:3   | Noticed Rupert
 17743 | Lair:3   | Noticed Nergalle
 17753 | Lair:3   | Killed Nergalle
 18272 | Lair:3   | Killed Rupert
 18272 | Lair:3   | Reached XP level 14. HP: 84/129 MP: 13/13
 18542 | Lair:4   | Found a staircase to the Snake Pit.
 18624 | Lair:4   | Found a stormy altar of Qazlal.
 19013 | Lair:4   | Got a distressingly furry robe
 19096 | Lair:4   | Noticed Harold
 19105 | Lair:4   | Reached skill level 18 in Axes
 19109 | Lair:4   | Killed Harold
 19587 | Lair:5   | Found a staircase to the Slime Pits.
 20114 | Lair:6   | Entered Level 6 of the Lair of Beasts
 20177 | Lair:6   | Got a faintly glowing spear
 20180 | Lair:6   | Identified the +3 spear of Conscience {freeze, Str+3} (You found it on level 6 of the Lair of Beasts)
 20676 | Lair:6   | Reached ****** piety under Trog
 20752 | Lair:6   | Got a polished halberd
 20753 | Lair:6   | Identified the +7 halberd "Ackie" {flame, rN+ Int-4 SInv} (You found it on level 6 of the Lair of Beasts)
 21332 | Lair:6   | Received a gift from Trog
 21442 | Lair:6   | Reached XP level 15. HP: 113/138 MP: 14/14
 21956 | D:14     | Reached skill level 19 in Axes
 22347 | D:14     | Found a burning altar of Makhleb.
 22480 | D:14     | Found a gate to the Vaults.
 22575 | D:15     | Entered Level 15 of the Dungeon
 23390 | D:15     | Reached skill level 15 in Fighting
 23468 | D:15     | Found a staircase to the Depths.
 23856 | Orc:1    | Found a roughly hewn altar of Beogh.
 24160 | Orc:2    | Entered Level 2 of the Orcish Mines
 24160 | Orc:2    | Found a roughly hewn altar of Beogh.
 24176 | Orc:2    | Received a gift from Trog
 24180 | Orc:2    | Reached skill level 20 in Axes
 24267 | Orc:2    | Noticed an orc warlord
 24272 | Orc:2    | Noticed Urug
 24278 | Orc:2    | Found a roughly hewn altar of Beogh.
 24280 | Orc:2    | Received a gift from Trog
 24284 | Orc:2    | Killed Urug
 24287 | Orc:2    | Killed an orc warlord
 24302 | Orc:2    | HP: 4/141 [orc knight/great sword of slicing (17)]
 24303 | Orc:2    | Mangled by a sun demon

Vault maps used:
D:1:      nzn_arrival_crosshair, serial_forest, infiniplex_forest_end_2,
          infiniplex_forest_lined_room_3, infiniplex_forest_end_1,
          infiniplex_forest_lined_4_way, infiniplex_forest_zigzag_1,
          nrook_uturn, minmay_split_cup_small
D:2:      okawaru_ov_weapons_minmay, xom_teletrap_fun
D:3:      chequers_ecumenical_altar_island, uniq_natasha, uniq_robin,
          uniq_grinder
D:4:      cheibrodos_quashed, first_ration, corexii_hall_statues_u, uniq_sigmund
D:5:      kennysheep_mini_moat, temple_fountains
D:6:      grunt_temple_overflow_diamond, old_standard_altar,
          nicolae_gozag_seed_capital, uniq_blork_the_orc
D:7:      serial_undead, serial_undead_b, serial_undead_d, serial_undead_c,
          serial_undead_e, the_bakery
D:8:      lemuel_slime, basic_altar, uniq_erica
D:9:      marbit_many_paths, kennysheep_little_box,
          nemelex_xobeh_ov_fountains_minmay, gammafunk_ghost_spectres,
          uniq_maurice
D:10:     wad_guarded_room, grunt_lair_entry_orc_guard_hut,
          grunt_decor_mini_mirrors
D:11:     orc_0_dummy, tgw_sif
D:12:     serial_shops, nicolae_shop_behind_doors,
          nicolae_shop_overgrown_old_shop, kennysheep_mini
D:14:     david_vaults_1, serial_bayou_pond_d, david_defended_altar_elf
D:15:     hangedman_depths_entry_civil_slaughter, minivault_23
Lair:1:   enter_volcano_2, infiniplex_staircase_pool
Lair:2:   elwin_shoals_entry_stream, ebering_ghost_funeral_grove, minmay_holes,
          grunt_megastairs_5, uniq_gastronok, uniq_prince_ribbit2
Lair:3:   uniq_nergalle, uniq_rupert
Lair:4:   dummy_snake_entry, basic_altar, nzn_random_ring, lemuel_fruit_tree,
          lemuel_fruit_fields, serial_bayou_shore_b, uniq_harold
Lair:5:   minmay_slime_entry_oklob_open, grunt_megastairs_2
Lair:6:   hangedman_lair_in_review, guppyfry_lair_end_dragon,
          grunt_forest_large_clearings
Orc:1:    basic_altar
Orc:2:    grunt_orc_cross, basic_altar, gammafunk_ghost_grave, uniq_josephine
Volcano:  volcano_grotto

Skill      XL: |  1  2  3  4  5  6  7  8  9 10 11 12 13 14 15 |
---------------+----------------------------------------------+-----
Axes           | 4 5 6 7 9 11 12 14 15 17 18 20 | 20.1
Fighting       | 4 5 6 8 9 10 12 13 14 15 | 15.2
Armour         | 3 4 5 6 7 9 10 11 13 14 | 14.9
Dodging        | 3 4 5 7 8 9 10 12 13 | 13.8
Shields        | 1 2 4 |  4.9

Action                   |  1- 3 |  4- 6 |  7- 9 | 10-12 | 13-15 || total
-------------------------+-------+-------+-------+-------+-------++-------
Melee: Hand axe          |    64 |    93 |   132 |     3 |       ||   292
       Headbutt          |     7 |    23 |    42 |    72 |   171 ||   315
       Executioner's axe |       |       |    48 |   362 |   635 ||  1045
       Spear             |       |       |       |       |    25 ||    25
       Whip              |       |       |       |       |     7 ||     7
       Halberd           |       |       |       |       |    16 ||    16
Invok: Berserk           |     1 |     4 |     5 |    16 |    18 ||    44
       Trog's Hand       |       |       |     2 |     1 |     6 ||     9
       Brothers in Arms  |       |       |       |     1 |     4 ||     5
  Use: Scroll            |       |       |    16 |    10 |    23 ||    49
       Potion            |       |       |       |       |     1 ||     1
 Stab: Distracted        |       |       |       |       |     1 ||     1
  Eat: Chunk             |     2 |     7 |     8 |    16 |    31 ||    64
       Ration            |       |     1 |     3 |     7 |     6 ||    17
Armor: Animal skin       |     6 |       |       |       |       ||     6
       Ring mail         |    25 |    22 |     5 |       |       ||    52
       Scale mail        |       |       |    13 |       |       ||    13
       Chain mail        |       |       |    62 |     3 |       ||    65
       Plate armour      |       |       |       |   271 |    93 ||   364
       Crystal plate arm |       |       |       |       |   352 ||   352
Dodge: Dodged            |    56 |    49 |   103 |   352 |   599 ||  1159
Block: Shield            |       |     7 |    64 |       |     6 ||    77

Table legend:
 A = Spawn XP
 B = Non-spawn XP
 C = Spawn XP percentage of total XP
 D = Spawn monster count
 E = Non-spawn monster count
 F = Spawn count percentage of total count
 G = Total turns spent on level
                    A         B        C        D         E        F      G
               +---------+---------+-------+---------+---------+-------+---------
         Total |       0 |  147683 |   0.0 |       0 |     729 |   0.0 | 24303
               +---------+---------+-------+---------+---------+-------+---------
           D:1 |       0 |      28 |   0.0 |       0 |      16 |   0.0 |   973
           D:2 |       0 |      89 |   0.0 |       0 |      18 |   0.0 |  1220
           D:3 |       0 |     442 |   0.0 |       0 |      46 |   0.0 |   777
           D:4 |       0 |     457 |   0.0 |       0 |      10 |   0.0 |  1444
           D:5 |       0 |     346 |   0.0 |       0 |      11 |   0.0 |   984
           D:6 |       0 |    1567 |   0.0 |       0 |      27 |   0.0 |  1386
           D:7 |       0 |     745 |   0.0 |       0 |      17 |   0.0 |   496
           D:8 |       0 |    4288 |   0.0 |       0 |      50 |   0.0 |  1173
           D:9 |       0 |    3336 |   0.0 |       0 |      24 |   0.0 |  1369
          D:10 |       0 |    6677 |   0.0 |       0 |      62 |   0.0 |  1284
          D:11 |       0 |    4340 |   0.0 |       0 |      18 |   0.0 |   964
          D:12 |       0 |    3734 |   0.0 |       0 |      14 |   0.0 |   653
          D:13 |       0 |   12871 |   0.0 |       0 |      43 |   0.0 |  2009
          D:14 |       0 |   13870 |   0.0 |       0 |      36 |   0.0 |   948
          D:15 |       0 |   20365 |   0.0 |       0 |      55 |   0.0 |   658
        Lair:1 |       0 |    4473 |   0.0 |       0 |      15 |   0.0 |   977
        Lair:2 |       0 |   10892 |   0.0 |       0 |      29 |   0.0 |  1292
        Lair:3 |       0 |    5894 |   0.0 |       0 |      16 |   0.0 |  1144
        Lair:4 |       0 |   10760 |   0.0 |       0 |      33 |   0.0 |   940
        Lair:5 |       0 |    4198 |   0.0 |       0 |      21 |   0.0 |   897
        Lair:6 |       0 |   21796 |   0.0 |       0 |      84 |   0.0 |  1485
         Orc:1 |       0 |    1632 |   0.0 |       0 |      29 |   0.0 |   526
         Orc:2 |       0 |    7440 |   0.0 |       0 |      37 |   0.0 |   143
       Volcano |       0 |    7443 |   0.0 |       0 |      18 |   0.0 |   561
               +---------+---------+-------+---------+---------+-------+---------
